 Dungeon Crawl Stone Soup version 0.31-a0-627-gd65175cf8b (webtiles) character file.

Game seed: 5789997647822630130

144 GordonOverkill the Sneak (level 5, -6/27 HPs)
             Began as a Vine Stalker Delver on Aug 25, 2023.
             Shot with an arrow by a centaur (9 damage)
             ... on level 5 of the Dungeon.
             The game lasted 00:02:42 (369 turns).

GordonOverkill the Sneak (Vine Stalker Delver)       Turns: 369, Time: 00:02:42

Health: -6/27      AC:  4    Str: 14    XL:     5   Next: 26%
Magic:  0/6        EV: 12    Int: 10    God:
Gold:   15         SH:  0    Dex: 18    Spells: 4/4 levels left

rFire   . . .        i - +0 orcbow
rCold   . . .        (shield currently unavailable)
rNeg    . . .        b - +0 leather armour
rPois   .            (no helmet)
rElec   .            (no cloak)
rCorr   .            (no gloves)
SInv    .            f - +0 pair of boots
Will    .....        (no amulet)
Stlth   +++          (no ring)
HPRegen 1.04/turn    (no ring)
MPRegen 0.10/turn

%: guardian spirit
@: no status effects
A: fangs 2, regeneration 1, magic shield, antimagic bite, no potion heal 2
a: no special abilities


You were on level 5 of the Dungeon.
You visited 1 branch of the dungeon, and saw 2 of its levels.

You collected 15 gold pieces.

Inventory:

Hand Weapons
 a - a +0 short sword
 i - a +0 orcbow (weapon)
Armour
 b - a +0 leather armour (worn)
 f - a +0 pair of boots (worn)
Wands
 g - a wand of digging (3)
Scrolls
 c - a scroll of fog
 d - a scroll of revelation
 e - a scroll of fear
Potions
 h - a potion of curing {unknown}


   Skills:
 - Level 2.6 Fighting
 - Level 1.7 Short Blades
 + Level 4.3 Ranged Weapons
 - Level 1.5 Dodging
 - Level 6.0 Stealth


You had 4 spell levels left.
You didn't know any spells.
Your spell library was empty.

Dungeon Overview and Level Annotations

Branches:
Dungeon (6/15)
 Temple: D:4-7

Altars:
The Shining One


Innate Abilities, Weirdness & Mutations

You have extremely sharp teeth.
Your natural rate of healing is unusually fast.
When hurt, damage is shared between your health and your magic reserves.
Your bite disrupts and absorbs the magic of your enemies.
Potions cannot restore your health.


Message History

Press: ? - help, Q - select action Shift-Dir - straight line, f/p - centaur
Aim: a centaur, wielding a +0 shortbow (severely wounded, 69% to hit)
You shoot an arrow. The arrow barely misses the centaur.
The centaur shoots an arrow.
The arrow barely misses you.
Fire: i) +0 orcbow
Press: ? - help, Q - select action Shift-Dir - straight line, f/p - centaur
Aim: a centaur, wielding a +0 shortbow (severely wounded, 69% to hit)
You shoot an arrow. The arrow closely misses the centaur.
The centaur shoots an arrow.
The arrow hits you!
* * * LOW HITPOINT WARNING * * *
Fire: i) +0 orcbow
Press: ? - help, Q - select action Shift-Dir - straight line, f/p - centaur
Aim: a centaur, wielding a +0 shortbow (severely wounded, 69% to hit)
You shoot an arrow. The arrow barely misses the centaur.
The centaur shoots an arrow.
The arrow hits you!
* * * LOW HITPOINT WARNING * * *
Fire: i) +0 orcbow
Press: ? - help, Q - select action Shift-Dir - straight line, f/p - centaur
Aim: a centaur, wielding a +0 shortbow (severely wounded, 69% to hit)
You shoot an arrow.
The arrow hits the centaur but does no damage.
The centaur is severely wounded.
You feel yourself slow down.
The centaur shoots an arrow.
The arrow hits you!
* * * LOW HITPOINT WARNING * * *
Fire: i) +0 orcbow
Press: ? - help, Q - select action Shift-Dir - straight line, f/p - centaur
Aim: a centaur, wielding a +0 shortbow (severely wounded, 69% to hit)
You shoot an arrow.
The arrow hits the centaur but does no damage.
The centaur is severely wounded.
The centaur shoots an arrow.
The arrow barely misses you.
Fire: i) +0 orcbow
Press: ? - help, Q - select action Shift-Dir - straight line, f/p - centaur
Aim: a centaur, wielding a +0 shortbow (severely wounded, 69% to hit)
You shoot an arrow.
The arrow hits the centaur but does no damage.
The centaur is severely wounded.
The centaur shoots an arrow.
The arrow hits you!
You die...

##........###
###.###
#...........####†.##
#
#...........[##..##
# #..............###
# #............##
#............#
#............#
#.............#
#...@.........#
#..............#
#...$..........#
#...c..........#
##............
............
#.#.........
###.........


You could see a centaur.

Vanquished Creatures
  A scorpion (D:5)
  A hound (D:5)
  An iron imp (D:5)
  An adder (D:5)
  A white imp (D:5)
  2 goblin skeletons (D:5)
  A goblin zombie (D:5)
  A hobgoblin zombie (D:5)
  3 kobold skeletons (D:5)
  An orc skeleton (D:5)
  4 orc zombies (D:5)
17 creatures vanquished.

Notes
Turn   | Place    | Note
-------+----------+-------------------------------------------
     0 | D:5      | GordonOverkill the Vine Stalker Delver began the quest for
                  | the Orb.
     0 | D:5      | Reached XP level 1. HP: 11/11 MP: 2/2
    32 | D:6      | Noticed an orc wizard
    83 | D:5      | Noticed a hound
   138 | D:5      | Found a glowing golden altar of the Shining One.
   138 | D:5      | Noticed an iron imp
   150 | D:5      | Killed an iron imp
   151 | D:5      | Reached XP level 2. HP: 16/16 MP: 3/3
   151 | D:5      | Reached XP level 3. HP: 19/19 MP: 4/4
   236 | D:5      | Noticed a scorpion
   248 | D:5      | Killed a scorpion
   249 | D:5      | Gained mutation: Your natural rate of healing is unusually
                  | fast. [Vine Stalker growth]
   249 | D:5      | Reached XP level 4. HP: 17/23 MP: 1/5
   334 | D:5      | Reached XP level 5. HP: 27/27 MP: 6/6
   360 | D:5      | Noticed a centaur
   367 | D:5      | HP: 1/27 [centaur/arrow (7)]
   369 | D:5      | Shot with an arrow by a centaur

Illustrated notes

Levels and vault maps discovered:
D:5:      layout_cave_pods, nicolae_tso_besieged_by_evil, temple_hall,
          serial_park, serial_park_tiny_pond, serial_park_tiny_2,
          serial_park_tiny_1, uniq_grinder
D:6:      layout_gridville, nzn_hepliaklqana_mist_gate, uniq_eustachio

Skill      XL: |  1  2  3  4 |
---------------+-------------+-----
Ranged Weapons | 2 3 4 |  4.3
Fighting       | |  2.6
Short Blades   | |  1.7
Dodging        | |  1.5
Stealth        | |  6.0

Action                     |  1- 3 |  4- 6 || total
---------------------------+-------+-------++-------
   Fire: Orcbow            |    43 |    23 ||    66
    Use: Potion            |       |     1 ||     1
 Armour: Leather armour    |     1 |     3 ||     4
  Dodge: Dodged            |     9 |     8 ||    17

Table legend: (Time is in decaauts)
 A = Elapsed time spent in this place.
 B = Non-inter-level travel time spent in this place.
 C = Inter-level travel time spent in this place.
 D = Time resting spent in this place.
 E = Time spent auto-exploring this place.
 F = Levels seen in this place.
 G = Mean time per level.
                   A        B        C        D        E       F      G
               +--------+--------+--------+--------+--------+-----+--------+
         Total |    378 |    378 |      0 |     70 |      0 |   2 |  189.0 |
       Dungeon |    378 |    378 |      0 |     70 |      0 |   2 |  189.0 |
               +--------+--------+--------+--------+--------+-----+--------+

Top non-repeatable levels by time:
     D:5: 330 daAuts
     D:6: 47 daAuts
